 Dungeon Crawl Stone Soup version 0.19-GnollCrawlA-1-g03664ee (webtiles) character file.

256594 ManMan the Skirmisher (level 1, 19/19 HPs)
             Began as a Centaur Berserker on Sept 3, 2016.
             Was a High Priest of Trog.
             Escaped with the Orb!
             The game lasted 00:56:46 (10576 turns).

ManMan the Skirmisher (Centaur Berserker)          Turns: 10576, Time: 00:56:46

Health: 19/19      AC: 24    Str: 31    XL:     1   Next: 0%
Magic:  1/1        EV:  4    Int:  6    God:    Trog [*****.]
Gold:   1185       SH:  3    Dex: 15    Spells: 0 memorised, 0 levels left

rFire  + . .     SeeInvis .     M - +0 spear (distort)
rCold  . . .     Gourm    .     L - +5 chain mail of Disguise {MR+ Str+7}
rNeg   + + .     Faith    .     U - +0 buckler {AC+3}
rPois  +         Spirit   .     o - +2 helmet
rElec  +         Dismiss  .     F - +0 cloak
rCorr  .         Reflect  .     R - +0 pair of gloves {Dex+3}
SustAt .         Harm     +     O - +0 centaur barding "Bylu" {*Contam +Fly Dex+4 Slay+3}
MR     ++...     NoTele   +     m - amulet "Feap" {Harm *Drain +Inv rElec rPois Str+5}
Stlth  ..........               D - ring of the Quahog {-Tele rF+ rN++ MR+ Slay+5}
                                C - +5 ring of slaying

@: very quick
A: hooves 3, deformed body, speed 2, tough skin 3
a: Berserk, Trog's Hand, Brothers in Arms, Burn Spellbooks, Renounce Religion,
Evoke Invisibility, Evoke Flight
0: Orb of Zot


You escaped.
You worshipped Trog.
Trog was extremely pleased with you.
You were not hungry.

You visited 3 branches of the dungeon, and saw 25 of its levels.

You collected 2130 gold pieces.
You spent 945 gold pieces at shops.

Inventory:

Hand Weapons
 I - a +3 longbow of freezing
 M - a +0 spear of distortion (weapon)
Missiles
 e - 320 stones (quivered)
 g - 124 sling bullets
 K - a throwing net
Armour
 o - a +2 helmet (worn)
 F - a +0 cloak (worn)
 L - the +5 chain mail of Disguise (worn) {MR+ Str+7}
   (You found it on level 14 of the Dungeon)

   It affects your strength (+7).
   It affects your resistance to hostile enchantments.
 O - the +0 centaur barding "Bylu" (worn) {*Contam +Fly Dex+4 Slay+3}
   (You bought it in a shop on level 14 of the Dungeon)

   It affects your dexterity (+4).
   It affects your accuracy and damage with ranged weapons and melee attacks
   (+3).
   It lets you fly.
   It causes magical contamination when unequipped.
 R - a +0 pair of gloves of dexterity (worn)
 U - a +0 buckler of protection (worn)
Jewellery
 c - an uncursed amulet of faith {unknown}
 m - the amulet "Feap" (around neck) {Harm *Drain +Inv rElec rPois Str+5}
   (You found it on level 5 of the Realm of Zot)

   [amulet of harm]

   It increases damage dealt and taken.
   It affects your strength (+5).
   It insulates you from electricity.
   It protects you from poison.
   It lets you turn invisible.
   It causes draining when unequipped.
 C - a +5 ring of slaying (left hand)
 D - the ring of the Quahog (right hand) {-Tele rF+ rN++ MR+ Slay+5}
   (You found it on level 15 of the Dungeon)

   [ring of protection from magic]

   It affects your accuracy and damage with ranged weapons and melee attacks
   (+5).
   It protects you from fire.
   It greatly protects you from negative energy.
   It affects your resistance to hostile enchantments.
   It prevents most forms of teleportation.
 T - the ring "Opungine" {rC+ EV+3 Int+4 Stlth-}
   (You found it on level 15 of the Dungeon)

   [ring of evasion]

   It affects your evasion (+3).
   It affects your intelligence (+4).
   It protects you from cold.
   It makes you less stealthy.
Wands
 b - a wand of digging (8/24)
 h - a wand of digging (7/24)
 j - a wand of flame (25/48)
 n - a wand of enslavement (17/24)
 r - a wand of flame (35/48)
 s - a wand of confusion (35/48)
 z - a wand of iceblast (5/15)
 A - a wand of polymorph (8/24)
 E - a wand of paralysis (6/24)
 G - a wand of iceblast (9/15)
 H - a wand of paralysis (17/24)
 J - a wand of random effects (27/48)
Scrolls
 a - a scroll of recharging
 d - 4 scrolls of blinking
 p - 6 scrolls of remove curse
 q - 2 scrolls of teleportation
 t - a scroll of torment {unknown}
 v - a scroll of summoning {unknown}
 y - 3 scrolls of vulnerability {unknown}
 Q - a scroll of random uselessness {unknown}
 S - a scroll of fog {unknown}
 X - a scroll of fear
 Z - a scroll of enchant armour {unknown}
Potions
 i - a potion of haste {unknown}
 k - 2 potions of invisibility
 l - 3 potions of might
 u - 2 potions of flight
 w - 4 potions of curing
 x - 2 potions of mutation {unknown}
 B - a potion of resistance {unknown}
 N - a potion of agility {unknown}
 P - a potion of beneficial mutation {unknown}
 W - a potion of heal wounds {unknown}
 Y - 3 potions of ambrosia
Miscellaneous
 f - 2 boxes of beasts
 V - a lamp of fire


   Skills:
 + Level 3.0 Fighting
 + Level 2.6 Polearms
 + Level 1.3 Armour
 + Level 1.3 Dodging


You couldn't memorise any spells.
You didn't know any spells.

Dungeon Overview and Level Annotations

Branches:
Dungeon (15/15)            Temple (0/1) D:2             Orc (0/2) D:12
 Depths (5/5) D:15            Zot (5/5) Depths:5
   Lair: D:8-11      Vaults: D:13-14

Altars:
Elyvilon
Okawaru

Shops:
D:4 :   D:14 [   D:15 :(?   Zot:5 *

Portals:
Hell: Depths:4 Depths:5
Abyss: Depths:4
Pandemonium: Depths:5
Ziggurat: Depths:5

Annotations:
Zot:1 exclusion: 2 downstairs


Innate Abilities, Weirdness & Mutations

You have hooves in place of feet.
Armour fits poorly on your strangely shaped body.
You cover ground very quickly.
You have extremely tough skin. (AC +3)


Message History

There is a stone staircase leading down here.
There is a stone staircase leading up here.
You climb upwards.
The gnoll shouts!
You hear a shout! x2
The gnoll hits you but does no damage.
There is a stone staircase leading down here.
Found a hunting sling.
A gnoll comes into view. It is wielding a spear.
A gnoll comes into view. It is wielding a club.
The gnoll shouts!
The gnoll shouts!
You puncture the gnoll! You kick the gnoll.
You kill the gnoll!
Trog accepts your kill.
Unknown command.
You see here a spear.
A gnoll comes into view. It is wielding a whip.
There is a staircase leading out of the dungeon here.
Char dumped successfully.
You have escaped! .. ....... .##.....### ..g..%.... #.#.......♣ #.........♣ #.# ####################.# ##.PPPPPPPPPPPPPPP.##.# #.........@.....g...#.# #..PPPPPPPPPPPPPPP..#.#

#.#################)..#
#.# #...# #..#### #.#
#..## #..########
#.########).#
#..........
#...........#
#.#######..
##....#####.#####.# ##.
#P♣♣P.# #.#..)..# #.


You could see a gnoll.

Vanquished Creatures
  2 gnoll sergeants (Zot:5)
  4 gnoll shamans
  224 gnolls
230 creatures vanquished.

Vanquished Creatures (collateral kills)
  3 gnoll sergeants
3 creatures vanquished.

Vanquished Creatures (others)
  5 gnolls
5 creatures vanquished.

Grand Total: 238 creatures vanquished

Notes
Turn   | Place    | Note
-------+----------+-------------------------------------------
     0 | D:1      | ManMan the Centaur Berserker began the quest for the Orb.
     0 | D:1      | Reached XP level 1. HP: 19/19 MP: 1/1
   261 | D:2      | Found a white marble altar of Elyvilon.
   320 | D:2      | Found a staircase to the Ecumenical Temple.
   876 | D:4      | Found Zerhoix's Book Shoppe.
   974 | D:5      | Entered Level 5 of the Dungeon
  1865 | D:10     | Entered Level 10 of the Dungeon
  2089 | D:10     | Reached ** piety under Trog
  2887 | D:12     | Found a staircase to the Orcish Mines.
  3420 | D:14     | Found Jotraywa's Armour Shop.
  3830 | D:15     | Entered Level 15 of the Dungeon
  3936 | D:15     | Found a staircase to the Depths.
  4098 | D:15     | Reached *** piety under Trog
  4105 | D:15     | Got a warped copper ring
  4138 | D:15     | Identified the ring of the Quahog {-Tele rF+ rN++ MR+ Slay+5} (You found it on level 15 of the Dungeon)
  4368 | D:15     | Found Hueboede's Book Boutique.
  4642 | D:14     | Found an iron altar of Okawaru.
  4817 | D:14     | Bought a +0 cloak for 81 gold pieces
  5038 | D:14     | Got a smoking chain mail
  5063 | D:14     | Identified Reibbim's Reference Book on Enthralling Earth
  5091 | D:14     | Identified the +5 chain mail of Disguise {MR+ Str+7} (You found it on level 14 of the Dungeon)
  5531 | D:15     | Reached **** piety under Trog
  5933 | D:15     | Found Simuavec's Magic Scroll Emporium.
  5942 | D:15     | Bought a scroll of fear for 63 gold pieces
  5962 | D:15     | Got an ancient iron ring
  5967 | D:15     | Identified the ring of Ceunak {*Tele *Confuse rF+ Str+4} (You found it on level 15 of the Dungeon)
  6021 | D:15     | Found Vaghir's Weapon Emporium.
  6184 | D:15     | Got a transparent amber ring
  6506 | D:14     | Bought the cursed +0 centaur barding "Bylu" {*Contam +Fly Dex+4 Slay+3} for 801 gold pieces
  6578 | Depths:1 | Entered Level 1 of the Depths
  6993 | Depths:3 | Reached ***** piety under Trog
  7183 | Depths:3 | Identified the ring "Opungine" {rC+ EV+3 Int+4 Stlth-} (You found it on level 15 of the Dungeon)
  7420 | Depths:4 | Found a one-way gate to the infinite horrors of the Abyss.
  7567 | Depths:4 | Found a gateway to Hell.
  7645 | Depths:5 | Entered Level 5 of the Depths
  7779 | Depths:5 | Found a one-way gate leading to the halls of Pandemonium.
  7815 | Depths:5 | Found a gateway to a ziggurat.
  7859 | Depths:5 | Found a gate to the Realm of Zot.
  7877 | Zot:1    | Entered Level 1 of the Realm of Zot
  8437 | Zot:2    | Received a gift from Trog
  8945 | Zot:5    | Entered Level 5 of the Realm of Zot
  8982 | Zot:5    | Got a twitching ivory amulet
  8984 | Zot:5    | Identified the amulet "Feap" {Harm *Drain +Inv rElec rPois Str+5} (You found it on level 5 of the Realm of Zot)
  9078 | Zot:5    | Noticed a gnoll sergeant
  9137 | Zot:5    | Killed a gnoll sergeant
  9143 | Zot:5    | Found Emnano's Changing Room.
  9390 | Zot:5    | Noticed a gnoll shaman
  9437 | Zot:5    | Killed a gnoll shaman
  9466 | Zot:5    | Noticed a gnoll shaman
  9476 | Zot:5    | Killed a gnoll shaman
  9504 | Zot:5    | Noticed a gnoll sergeant
  9521 | Zot:5    | Killed a gnoll sergeant
  9536 | Zot:5    | Noticed a gnoll sergeant
  9560 | Zot:5    | Killed a gnoll sergeant
  9684 | Zot:5    | Killed a gnoll sergeant
  9730 | Zot:5    | Got the Orb of Zot
  9851 | Zot:4    | Noticed a gnoll shaman
  9858 | Zot:4    | Killed a gnoll shaman
  9921 | Zot:2    | Noticed a gnoll shaman
 10190 | D:12     | Noticed a gnoll shaman
 10191 | D:12     | Killed a gnoll shaman
 10242 | D:11     | Noticed a gnoll sergeant
 10247 | D:11     | Killed a gnoll sergeant
 10576 | D:$      | Escaped with the Orb!

Action                   || total
-------------------------++-------
Melee: Spear             ||   420
       Kick              ||    46
       Trident           ||    13
Throw: Stone             ||    40
Invok: Berserk           ||    62
       Burn Spellbooks   ||     4
       Trog's Hand       ||     3
       Brothers in Arms  ||     1
Evoke: Wand              ||    18
       Box of beasts     ||     5
       Lamp of fire      ||     1
  Use: Scroll            ||    19
Armor: Chain mail        ||    44
       Ring mail         ||     9
Dodge: Dodged            ||    38
Block: Buckler           ||     1
